Map: Station Proxima EC

Players

cbr

  • Race: Terran Terran
  • League: Gold
  • Spawn Location: 7:00

zidar - Winner!

  • Race: Zerg Zerg
  • League: Gold
  • Spawn Location: 1:00

VOD

Have the link to the VOD?

Description

Time

  • Played on: July 12, 2017, 10:16 a.m.
  • Length: 8:34
Show
View Real Time Build Order
Export as new Build Order

cbr Terran 

Build Orders:  

Get SALT Encoding   

  12  0:03  SCV  
  13  0:15  SCV  
  14  0:24  Supply Depot  
  14  0:31  SCV  
  14  0:35  Refinery  
  15  0:46  SCV  
  16  0:50  Barracks  
  16  0:58  SCV  
  17  1:10  SCV  
  18  1:13  Refinery  
  18  1:22  SCV  
  19  1:34  SCV  
  19  1:39  Marine  
  21  1:40  Supply Depot  
  21  1:46  SCV  
  22  1:57  Marine  
  22  1:58  Factory  
  23  2:01  SCV  
  24  2:12  Barracks  
  24  2:34  Marine  
  24  2:36  SCV  
  26  2:52  Factory Reactor  
  26  3:01  Marine  
  27  3:14  Starport  
  27  3:16  Barracks  
  28  3:21  Barracks Reactor  
  27  3:30  Barracks Tech Lab  
  27  3:37  Orbital Command  
  27  3:42  Bunker  
  27  3:53  Marine  
  28  4:09  Factory Tech Lab  
  28  4:11  Marine, Medivac  
  31  4:32  Supply Depot  
  31  4:53  Marine x5, Medivac  
  31  4:58  Stimpack  
  38  5:11  Marine  
  39  5:24  Supply Depot  
  39  5:41  Marine  
  39  5:42  Marine  
  39  5:44  Marine  
  39  5:45  Marine  
  39  5:46  Siege Tank, Medivac  
  39  5:47  Supply Depot  
  44  5:59  Command Center  
  44  6:05  SCV  
  44  6:09  Marine x5  
  44  6:10  Supply Depot  
  50  6:15  Medivac  
  50  6:17  SCV  
  53  6:27  Marine x2  
  53  6:32  SCV, Siege Tank  
  59  6:44  SCV  
  55  6:56  SCV  
  53  7:27  Marine  
  53  7:28  Marine x4  
  58  7:45  Marine  
  58  7:46  Marine x4  
  63  7:55  Engineering Bay  
  63  7:56  Orbital Command  
  63  8:03  Marine  
  63  8:04  Marine x4  
  67  8:23  Engineering Bay  
Show
View Real Time Build Order
Export as new Build Order

zidar Zerg - Winner!

Build Orders: Pool First 

Get SALT Encoding   

  12  0:01  Drone  
  13  0:12  Overlord  
  13  0:17  Drone  
  14  0:31  Drone x2  
  16  0:44  Spawning Pool  
  16  0:48  Drone  
  16  0:51  Extractor  
  16  0:53  Drone  
  17  1:19  Hatchery  
  17  1:21  Drone  
  17  1:24  Extractor  
  16  1:36  Queen  
  16  1:38  Drone  
  19  1:44  Overlord  
  19  1:52  Drone  
  20  1:54  Drone  
  21  2:02  Zergling x2  
  22  2:12  Queen  
  24  2:24  Zergling x4  
  26  2:42  Roach Warren  
  26  2:43  Metabolic Boost  
  25  2:46  Extractor  
  25  2:48  Overlord  
  25  2:51  Zergling x2  
  25  3:21  Overlord  
  25  3:23  Roach x4  
  33  3:49  Drone x3  
  33  3:52  Roach  
  33  3:53  Roach  
  40  4:02  Queen  
  43  4:10  Drone  
  43  4:11  Drone  
  44  4:48  Roach x4  
  52  4:54  Spore Crawler  
  52  4:59  Spore Crawler  
  50  5:02  Overlord  
  50  5:05  Drone x2  
  52  5:23  Drone x5  
  52  5:25  Drone  
  58  5:32  Ravager x2  
  59  6:13  Ravager  
  60  6:26  Overlord x3  
  39  7:00  Roach x5  
  39  7:01  Roach x13  
  75  7:24  Ravager  
  75  7:28  Overlord  
  75  7:29  Overlord x2  
  76  7:30  Overlord  
  76  7:49  Ravager  
  77  7:59  Roach x7  
Tags
 
Add a new tag
Caveats
  • Supply blocks, unpowered buildings, or Contaminate may cause inaccurate times.
  • Supply counts are checked every 10 seconds.